 Dungeon Crawl Stone Soup version 0.26-a0-612-gd4d190f45e (webtiles) character file.

Game seed: 14872510063532923701

28 DogServant the Digger (level 3, -5/24 HPs)
             Began as a Formicid Earth Elementalist on Sept 9, 2020.
             Slain by a worm (11 damage)
             ... on level 2 of the Dungeon.
             The game lasted 00:15:45 (2361 turns).

DogServant the Digger (Formicid Earth Elementalist) Turns: 2361, Time: 00:15:46

Health: -5/24      AC:  2    Str: 12    XL:     3   Next: 30%
Magic:  7/7        EV: 12    Int: 15    God:
Gold:   32         SH:  0    Dex: 11    Spells: 4/7 levels left

rFire    . . .     SeeInvis +   (no weapon)
rCold    . . .     Faith    .   (no shield)
rNeg     . . .     Spirit   .   c - +0 robe
rPois    .         Reflect  .   (helmet unavailable)
rElec    .         Harm     .   (no cloak)
rCorr    .                      (no gloves)
MR       .....                  (no boots)
Stlth    ++........             (no amulet)
HPRegen  0.08/turn              (no ring)
MPRegen  0.10/turn              (no ring)

@: no status effects
A: permanent stasis, dig shafts and tunnels, four strong arms, antennae 3
a: Dig, Shaft Self


You were on level 2 of the Dungeon.
You visited 1 branch of the dungeon, and saw 2 of its levels.

You collected 32 gold pieces.

Inventory:

Hand Weapons
 a - a +0 dagger
Missiles
 g - 29 arrows (quivered)
Armour
 c - a +0 robe (worn)
Jewellery
 i - an uncursed amulet of faith
Scrolls
 d - a scroll of fog {unknown}
 e - a scroll of blinking {unknown}
 h - 3 scrolls of teleportation {unknown}
Potions
 f - 2 potions of lignification {unknown}
 j - a potion of brilliance {unknown}


   Skills:
 * Level 0.2 Fighting
 + Level 1.8 Dodging
 - Level 2.4 Stealth
 + Level 0.2 Unarmed Combat
 * Level 2.7 Spellcasting
 + Level 1.1 Transmutations
 * Level 4.4 Earth Magic


You had 4 spell levels left.
You knew the following spells:

 Your Spells              Type           Power        Failure   Level
a - Sandblast             Erth           ###...       3%          1
b - Passwall              Tmut/Erth      ##......     10%         2

Your spell library contained the following spells:

 Spells                   Type           Power        Failure   Level
 Stone Arrow              Conj/Erth      #.....       24%         3
 Petrify                  Tmut/Erth      ##......     54%         4
 Lee's Rapid Deconstruct  Erth           ###.......   65%         5


Dungeon Overview and Level Annotations

Branches:
Dungeon (2/15)

Altars:


Innate Abilities, Weirdness & Mutations

You cannot be hasted, slowed, berserked, paralysed or teleported.
You can dig through walls and to a lower floor.
Your four strong arms can wield two-handed weapons with a shield.
You have a pair of large antennae on your head. (SInv)


Message History

Tossing away (i - inventory)
g - 32 arrows (quivered)
Press: ? - help, Shift-Dir - straight line, f/p - worm
Aim: a worm You toss away an arrow.
The arrow hits the worm but does no damage.
The worm closely misses you.
Tossing away (i - inventory)
g - 31 arrows (quivered)
Press: ? - help, Shift-Dir - straight line, f/p - worm
Aim: a worm You toss away an arrow.
The arrow hits the worm but does no damage.
The worm bites you!
* * * LOW HITPOINT WARNING * * *
Tossing away (i - inventory)
g - 30 arrows (quivered)
Press: ? - help, Shift-Dir - straight line, f/p - worm
Aim: a worm You toss away an arrow.
The arrow hits the worm but does no damage.
The worm bites you!
You die...

#.#####......>...#.......
####.......########.####....
#.....###### ###...........#
#.##.##.## #...#...####..#
#.....>..# #.. #...# #...
##.#.###.# #.#####.. #.##
#.#.###.########...#...#.
#.# #.......#.......$#(((((#
#.# #.##.##.#....@w.((.# .#
#.)..#.......#.##
#.....#..........##
#.#.#...#.......#.#
#.....#.........##.#
###.#...#.....^.# #.#
##..#........## .#
##..#..####.# # #...#.# #.#
{


You could see a worm.

Vanquished Creatures
  2 dart slugs (D:2)
  4 bats (D:1)
  2 goblins
  8 hobgoblins (D:1)
  A frilled lizard (D:2)
  3 kobolds (D:1)
  2 rats
22 creatures vanquished.

Notes
Turn   | Place    | Note
-------+----------+-------------------------------------------
     0 | D:1      | DogServant the Formicid Earth Elementalist began the quest
                  | for the Orb.
     0 | D:1      | Reached XP level 1. HP: 13/13 MP: 3/3
   311 | D:1      | Reached skill level 4 in Earth Magic
   311 | D:1      | Reached XP level 2. HP: 19/19 MP: 3/5
  1304 | D:1      | Learned a level 2 spell: Passwall
  1580 | D:1      | Reached XP level 3. HP: 20/24 MP: 4/6
  2361 | D:2      | Slain by a worm

Illustrated notes

Levels and vault maps discovered:
D:1:      ncdulo_wetmaze, layout_basic
D:2:      layout_loops_cross, hex_tiny, uniq_crazy_yiuf_cottage

Skill      XL: |  1 |
---------------+----+-----
Earth Magic    | 4 |  4.4
Fighting       | |  0.2
Dodging        | |  1.8
Stealth        | |  2.4
Unarmed Combat | |  0.2
Spellcasting   | |  2.7
Transmutations | |  1.1

Action                   || total
-------------------------++-------
Melee: Unarmed           ||    60
 Cast: Sandblast         ||    30
       Passwall          ||     2
 Stab: Sleeping          ||     3
Armor: Robe              ||    26
Dodge: Dodged            ||    83

Table legend: (Time is in decaauts)
 A = Elapsed time spent in this place.
 B = Non-inter-level travel time spent in this place.
 C = Inter-level travel time spent in this place.
 D = Time resting spent in this place.
 E = Time spent auto-exploring this place.
 F = Levels seen in this place.
 G = Mean time per level.
                   A        B        C        D        E       F      G
               +--------+--------+--------+--------+--------+-----+--------+
         Total |   2385 |   2385 |      0 |    251 |   1315 |   2 | 1192.5 |
       Dungeon |   2385 |   2385 |      0 |    251 |   1315 |   2 | 1192.5 |
               +--------+--------+--------+--------+--------+-----+--------+

Top non-repeatable levels by time:
     D:1: 1979 daAuts
     D:2: 405 daAuts
